 Dungeon Crawl Stone Soup version 0.29-a0-337-g68df138881 (webtiles) character file.

Game seed: 11318334897970720769

166 mdonais the Conjurer (level 5, 0/34 HPs)
             Began as an Octopode Conjurer on Apr 16, 2022.
             Slain by a kobold brigand
             ... wielding a +0 dagger
              (4 damage)
             ... in a sewer.
             The game lasted 00:09:15 (2397 turns).

mdonais the Conjurer (Octopode Conjurer)            Turns: 2397, Time: 00:09:15

Health: 0/34       AC:  3    Str:  6    XL:     5   Next: 47%
Magic:  8/8        EV: 13    Int: 22    God:
Gold:   136        SH:  0    Dex: 11    Spells: 3/9 levels left

rFire   + . .      SeeInvis .   p - +2 dagger (freeze)
rCold   . . .      Faith    .   (no shield)
rNeg    . . .      Spirit   .   (helmet restricted)
rPois   .          Reflect  .   (no amulet)
rElec   .          Harm     .   f - ring of protection from fire
rCorr   .          Rampage  .   (no ring)
Will    .....                   (no ring)
Stlth   ++++......              (no ring)
HPRegen 0.11/turn               (no ring)
MPRegen 0.11/turn               (no ring)
                                (no ring)
                                (no ring)

@: brilliant, lethally poisoned (0 -> -3), on berserk cooldown, flying, slowed,
very slow
A: almost no armour, amphibious, 8 rings, camouflage 1, gelatinous body 1,
nimble swimmer 1, tentacles, tentacle spike 1, iridescent scales 1, low MP 1
a: no special abilities


You were in a sewer.
You visited 1 branch of the dungeon, and saw 3 of its levels.
You also visited: Sewer.

You collected 136 gold pieces.

Inventory:

Hand Weapons
 e - a +0 dagger
   (You took it off a kobold on level 1 of the Dungeon)
 p - a +2 dagger of freezing (weapon)
   (You took it off a goblin on level 2 of the Dungeon)
Missiles
 g - 60 stones
Armour
 m - a +0 tower shield
   (You found it on level 2 of the Dungeon)
Magical Staves
 o - a staff of fire
   (You found it on level 1 of the Dungeon)
Jewellery
 f - a ring of protection from fire (left tentacle)
   (You found it on level 2 of the Dungeon)
Scrolls
 k - a scroll of enchant weapon {unknown}
 q - a scroll of acquirement {unknown}
 B - a scroll of blinking
 M - 2 scrolls of magic mapping
 R - a scroll of identify
Potions
 a - a potion of magic
 b - a potion of berserk rage


   Skills:
 + Level 1.9 Fighting
 - Level 2.0 Dodging
 - Level 4.0 Stealth
 + Level 2.8 Spellcasting
 * Level 5.0 Conjurations
 + Level 1.2 Hexes


You had 3 spell levels left.
You knew the following spells:

 Your Spells              Type           Power      Damage    Failure   Level
a - Magic Dart            Conj           100%       1d8       1%          1
b - Searing Ray           Conj           76%        2d7       2%          2
c - Dazzling Flash        Conj/Hex       50%        N/A       11%         3

Your spell library contained the following spells:

 Spells                   Type           Power      Damage    Failure   Level
 Fulminant Prism          Conj/Hex       12%        3d9       34%         4
 Iskenderun's Mystic Bla  Conj/Tloc      21%        2d6       41%         4


Dungeon Overview and Level Annotations

Branches:
Dungeon (3/15)              Sewer (1/1)

Altars:

Annotations:
D:2 1 runed translucent door, Crazy Yiuf


Innate Abilities, Weirdness & Mutations

You cannot wear most types of armour.
You are amphibious.
You can wear up to eight rings at the same time.
Your skin changes colour to match your surroundings (Stealth+).
Your rubbery body absorbs attacks. (AC +1, EV +1)
You are camouflaged when in or above water. (Stealth+)
You have tentacles for arms and can constrict up to eight enemies at once.
One of your tentacles bears a spike.
You are partially covered in iridescent scales. (AC +2)
Your magical capacity is low. (-10% MP)


Message History

You hit the kobold brigand. You freeze the kobold brigand.
The kobold brigand is heavily wounded.
You constrict the kobold brigand.
The kobold brigand splashes around in the water.
You hit the kobold brigand. You freeze the kobold brigand.
You squeeze the kobold brigand.
The kobold brigand is almost dead.
You constrict the kobold brigand, but do no damage.
The kobold brigand hits you with a +0 short sword.
You take 5 damage, and have 13/28 hp.
You hit the kobold brigand but do no damage.
You squeeze the kobold brigand, but do no damage.
The kobold brigand is almost dead.
You constrict the kobold brigand.
The kobold brigand splashes around in the water.
You hit the kobold brigand. You freeze the kobold brigand.
You kill the kobold brigand!
You hear a splash. x2
Your Conjurations skill increases to level 5!
Your Hexes skill increases to level 1!
You have reached level 5!
You feel agile.
You regained 3 hp, and now have 16/34 hp.
You closely miss the kobold. Your grab misses the kobold.
You squeeze the kobold.
The kobold is moderately wounded.
The kobold barely misses you.
You closely miss the kobold. You grab the kobold.
The kobold is moderately wounded.
You constrict the kobold, but do no damage.
The kobold splashes around in the water.
You hit the kobold. You freeze the kobold.
You kill the kobold!
You hear a splash. x2
You start resting.
A kobold brigand is nearby!
You regained 3 hp, and now have 20/34 hp.
You regained 2 mp, and now have 4/9 mp.
Press: ? - help, v - describe, . - travel
Here: a kobold brigand, wielding a +0 dagger and quivering poisoned darts (wandering, hasn't noticed you) Some shallow water.
You start resting.
Magic restored.
You regained 3 hp, and now have 24/34 hp.
MP restored: 9 You start resting.
The kobold brigand shouts!
The kobold brigand throws a poisoned dart.
The poisoned dart hits you!
You are poisoned.
You regained 4 hp, and now have 28/34 hp.
Casting: Searing Ray (safe; 2% risk of failure)
Confirm with . or Enter, or press ? or * to list all spells.
Aiming: Magic Dart (safe; 1% risk of failure)
Press: ? - help, Shift-Dir - straight line, f - kobold brigand
Aim: a kobold brigand, wielding a +0 dagger and quivering poisoned darts (100% to hit)
The magic dart hits the kobold brigand but does no damage.
You feel very sick.
The kobold brigand throws a poisoned dart.
The poisoned dart hits you!
You are more poisoned.
You take 3 damage, and have 25/34 hp.
You now have 8/9 mp.
Casting: Magic Dart (safe; 1% risk of failure)
Confirm with . or Enter, or press ? or * to list all spells.
Aiming: Magic Dart (safe; 1% risk of failure)
Press: ? - help, Shift-Dir - straight line, f/p - kobold brigand
Aim: a kobold brigand, wielding a +0 dagger and quivering poisoned darts (100% to hit)
The magic dart hits the kobold brigand.
The kobold brigand is lightly wounded.
You feel very sick.
The kobold brigand throws a poisoned dart.
The poisoned dart barely misses you.
You take 4 damage, and have 21/34 hp.
You now have 7/9 mp.
As you read the scroll labelled COSTEF NEWNO, it crumbles to dust.
It is a scroll of identify.
d - a scroll of blinking;
B - a scroll of blinking;
R - a scroll of identify You feel very sick.
The kobold brigand throws a poisoned dart.
The poisoned dart hits you!
You are lethally poisoned!
You take 4 damage, and have 17/34 hp.
It was a potion of berserk rage.
A red film seems to cover your vision as you go berserk!
You feel yourself moving faster!
You feel mighty!
You feel very sick.
You now have 21/51 hp.
You feel a strong urge to attack something.
You feel very sick.
You take 3 damage, and have 18/51 hp.
You feel sick.
The kobold brigand throws a poisoned dart.
The poisoned dart barely misses you.
You take 2 damage, and have 16/51 hp.
You feel your anger nearly subside.
You are no longer berserk.
You are exhausted.
You feel yourself slow down.
* * * LOW HITPOINT WARNING * * *
You feel sick.
The kobold brigand throws a poisoned dart.
The poisoned dart closely misses you.
You now have 9/34 hp.
It was a potion of flight.
You feel very buoyant.
You fly up into the air.
* * * LOW HITPOINT WARNING * * *
You feel very sick.
The kobold brigand throws a poisoned dart.
The poisoned dart hits you!
You are more poisoned.
You take 4 damage, and have 5/34 hp.
It was a potion of ambrosia.
You are confused.
You feel invigorated.
* * * LOW HITPOINT WARNING * * *
You feel very sick.
The kobold brigand throws a poisoned dart.
The poisoned dart hits you!
You are more poisoned.
MP restored: 9 It was a potion of brilliance.
You feel clever all of a sudden.
* * * LOW HITPOINT WARNING * * *
You feel extremely sick.
It was a potion of mutation.
You feel extremely strange.
You feel less energetic.
Iridescent scales grow over part of your body.
One of your lower tentacles grows a sharp spike.
* * * LOW HITPOINT WARNING * * *
You feel very sick.
The kobold brigand throws a poisoned dart.
The poisoned dart barely misses you.
You now have 8/8 mp.
Okay, then.
You are too confused!
You feel less invigorated.
You feel less confused.
* * * LOW HITPOINT WARNING * * *
You feel very sick.
The kobold brigand throws a poisoned dart.
The poisoned dart closely misses you.
You regained 3 hp, and now have 9/34 hp.
* * * LOW HITPOINT WARNING * * *
You feel sick.
You take 2 damage, and have 7/34 hp.
* * * LOW HITPOINT WARNING * * *
You feel sick.
You take 2 damage, and have 5/34 hp.
You feel sick.
The kobold brigand hits you with a +0 dagger.
You die...

#############..≈≈≈≈.#
##≈≈≈≈≈## #.≈≈≈.#
#.≈≈≈.### #.≈≈≈..∩#
#.≈≈≈.### #.≈≈≈.#
##K≈≈## #≈@≈# #≈≈≈#
#≈≈≈# #≈≈≈# #≈≈##
##≈# ###


You could see a kobold brigand.

Vanquished Creatures
  A kobold brigand (Sewer)
  3 gnolls (D:2)
  2 worms
  2 dart slugs
  4 endoplasms
  7 giant cockroaches
  5 goblins
  4 hobgoblins
  4 jackals (D:1)
  8 kobolds
  A quokka (D:1)
  2 ball pythons (D:1)
  6 bats
  A frilled lizard (D:1)
  9 rats
59 creatures vanquished.

Vanquished Creatures (others)
  4 toadstools (D:1)
4 creatures vanquished.

Grand Total: 63 creatures vanquished

Notes
Turn   | Place    | Note
-------+----------+-------------------------------------------
     0 | D:1      | mdonais the Octopode Conjurer began the quest for the Orb.
     0 | D:1      | Reached XP level 1. HP: 11/11 MP: 3/3
   225 | D:1      | Reached XP level 2. HP: 18/18 MP: 0/5
   228 | D:1      | Learned a level 2 spell: Searing Ray
   655 | D:1      | Found a faded altar of an unknown god.
   781 | D:1      | Reached XP level 3. HP: 22/22 MP: 3/6
  1098 | D:2      | Reached skill level 1 in Fighting
  1318 | D:2      | Learned a level 3 spell: Dazzling Flash
  1568 | D:2      | Reached XP level 4. HP: 28/28 MP: 1/7
  1920 | D:2      | Found a runed translucent door.
  1921 | D:2      | Noticed Crazy Yiuf
  2162 | D:3      | Found a glowing drain.
  2168 | Sewer    | Entered a sewer
  2260 | Sewer    | Noticed a kobold brigand
  2268 | Sewer    | Noticed a kobold brigand
  2274 | Sewer    | Killed a kobold brigand
  2275 | Sewer    | Reached skill level 5 in Conjurations
  2275 | Sewer    | Reached skill level 1 in Hexes
  2275 | Sewer    | Reached XP level 5. HP: 16/34 MP: 1/9
  2393 | Sewer    | Gained mutation: Your magical capacity is low. (-10% MP)
                  | [potion of mutation]
  2393 | Sewer    | Gained mutation: You are partially covered in iridescent
                  | scales. (AC +2) [potion of mutation]
  2393 | Sewer    | Gained mutation: One of your tentacles bears a spike.
                  | [potion of mutation]
  2397 | Sewer    | Slain by a kobold brigand

Illustrated notes

Levels and vault maps discovered:
D:1:      sevenhm_arrival_forest_fort_large_4, layout_rooms,
          hellmonk_ecumenical_altar_dog_temple, minmay_gold_behind_fungi
D:2:      layout_basic, minmay_worlds_worst_comb, uniq_crazy_yiuf_cottage
D:3:      layout_basic, cheibrodos_sewer_entry_bend, patterned_corridor
Sewer:    sewer_kobolds

Skill      XL: |  1  2  3  4 |
---------------+-------------+-----
Stealth        | 3 4 |  4.0
Fighting       | 1 |  1.9
Conjurations   | 5 |  5.0
Hexes          | 1 |  1.2
Dodging        | |  2.0
Spellcasting   | |  2.8

Action                   |  1- 3 |  4- 6 || total
-------------------------+-------+-------++-------
Melee: Unarmed           |     5 |       ||     5
       Tentacles         |     3 |     4 ||     7
       Constrict         |     5 |     2 ||     7
       Dagger            |    18 |     8 ||    26
 Cast: Magic Dart        |    76 |    27 ||   103
       Searing Ray       |     1 |     5 ||     6
  Use: Scroll            |       |     2 ||     2
       Potion            |       |     5 ||     5
Armor: Skin              |     1 |       ||     1
Dodge: Dodged            |    18 |     6 ||    24

Table legend: (Time is in decaauts)
 A = Elapsed time spent in this place.
 B = Non-inter-level travel time spent in this place.
 C = Inter-level travel time spent in this place.
 D = Time resting spent in this place.
 E = Time spent auto-exploring this place.
 F = Levels seen in this place.
 G = Mean time per level.
                   A        B        C        D        E       F      G
               +--------+--------+--------+--------+--------+-----+--------+
         Total |   2398 |   2345 |     53 |    838 |   1038 |   4 |  599.5 |
       Dungeon |   2167 |   2114 |     53 |    708 |    995 |   3 |  722.3 |
         Sewer |    231 |    231 |      0 |    130 |     43 |   1 |  231.0 |
               +--------+--------+--------+--------+--------+-----+--------+

Top non-repeatable levels by time:
     D:2: 1069 daAuts
     D:1: 1001 daAuts
   Sewer: 231 daAuts
     D:3: 96 daAuts
